 Dungeon Crawl Stone Soup version 0.27.1-34-g3ba077fa99 (webtiles) character file.

Game seed: 16591032168159974036

42 Cykl0x the Slasher (level 3, 0/22 HPs)
             Began as a Gargoyle Gladiator on Jan 9, 2022.
             Killed from afar by a dart slug (4 damage)
             ... with a slug dart
             ... on level 2 of the Dungeon.
             The game lasted 00:01:31 (1083 turns).

Cykl0x the Slasher (Gargoyle Gladiator)             Turns: 1083, Time: 00:01:32

Health: 0/22       AC:  7    Str: 18    XL:     3   Next: 56%
Magic:  3/3        EV: 12    Int:  8    God:
Gold:   9          SH:  0    Dex: 11    Spells: 2/2 levels left

rFire    . . .     SeeInvis .   a - +0 long sword
rCold    . . .     Faith    .   (no shield)
rNeg     + . .     Spirit   .   b - +0 leather armour
rPois    ∞         Reflect  .   c - +0 helmet
rElec    +         Harm     .   (no cloak)
rCorr    .         Rampage  .   (no gloves)
Will     .....                  (no boots)
Stlth    +.........             (no amulet)
HPRegen  0.07/turn              (no ring)
MPRegen  0.08/turn              (no ring)

@: no status effects
A: sickness immunity, AC +3, negative energy resistance 1, electricity
resistance, torment resistance 1, petrification resistance
a: no special abilities


You were on level 2 of the Dungeon.
You visited 1 branch of the dungeon, and saw 2 of its levels.

You collected 9 gold pieces.

Inventory:

Hand Weapons
 a - a +0 long sword (weapon)
Missiles
 d - 3 throwing nets
 f - 8 stones (quivered)
Armour
 b - a +0 leather armour (worn)
 c - a +0 helmet (worn)
Scrolls
 e - a scroll of identify {unknown}
 g - 2 scrolls of teleportation {unknown}
 h - a scroll of enchant weapon {unknown}
 i - a scroll of holy word {unknown}


   Skills:
 + Level 2.5 Fighting
 + Level 3.1 Long Blades
 + Level 2.0 Throwing
 * Level 1.2 Armour
 + Level 2.8 Dodging


You had 2 spell levels left.
You didn't know any spells.
Your spell library was empty.

Dungeon Overview and Level Annotations

Branches:
Dungeon (2/15)

Altars:

Shops:
D:1 (


Innate Abilities, Weirdness & Mutations

You are immune to sickness and miasma.
Your stone body is resilient. (AC +3)
You are immune to poison.
You resist negative energy. (rN+)
You are resistant to electric shocks. (rElec)
You are resistant to unholy torment.
You are immune to petrification.


Message History

You are too injured to fight recklessly!
You are too injured to fight recklessly!
You are too injured to fight recklessly!
You are too injured to fight recklessly!
You are too injured to fight recklessly!
You are too injured to fight recklessly!
You are too injured to fight recklessly!
You are too injured to fight recklessly!
You are too injured to fight recklessly!
You are too injured to fight recklessly!
You hit the jackal.
The jackal is almost dead.
The jackal closely misses you. The jackal barely misses you.
You hit the jackal but do no damage.
The jackal is almost dead.
The jackal closely misses you. The jackal bites you.
You hit the jackal.
You kill the jackal!
Your Throwing skill increases to level 2!
You slash the worm!
The worm is heavily wounded.
The worm bites you!
* * * LOW HITPOINT WARNING * * *
You slash the worm!
You kill the worm!
You see here a jackal corpse.
A dart slug comes into view.
A dart slug is nearby!
A dart slug is nearby!
You are too injured to fight recklessly!
You are too injured to fight recklessly!
You are too injured to fight recklessly!
Throw: 9 stones
Press: ? - help, Q - select action, (/) - cycle Shift-Dir - straight line, f - dart slug
Aim: a dart slug (wandering, hasn't noticed you, 93% to hit)
You throw a stone.
The stone hits the dart slug but does no damage.
The dart slug launches a dart at you. The slug dart hits you.
You die...

#..........#...########
#.......####..........#
.....#........#######.#
.....#.##############.#
.....#.#.......#......#
.....#.#.......#.######
.......#.......#†###
##.....#...........#
##...##........@..#
#.### ...........# #.
...........# #
##.#.#.....## #.
##...<...# # #.#####..#
... #..# .w. ...#. ..
....###.


You could see a dart slug.

Vanquished Creatures
  A worm (D:2)
  4 ball pythons (D:1)
  An endoplasm (D:2)
  A giant cockroach (D:1)
  3 goblins (D:1)
  5 hobgoblins (D:1)
  5 jackals
  2 quokkas (D:1)
  6 bats
  5 kobolds (D:1)
  A rat (D:1)
34 creatures vanquished.

Vanquished Creatures (others)
  A plant (D:2)
1 creature vanquished.

Grand Total: 35 creatures vanquished

Notes
Turn   | Place    | Note
-------+----------+-------------------------------------------
     0 | D:1      | Cykl0x the Gargoyle Gladiator began the quest for the Orb.
     0 | D:1      | Reached XP level 1. HP: 12/12 MP: 1/1
   176 | D:1      | Reached XP level 2. HP: 17/17 MP: 2/2
   266 | D:1      | Found a faded altar of an unknown god.
   384 | D:1      | Found Wuud Igh's Weapon Shoppe.
   391 | D:1      | Reached skill level 3 in Long Blades
   619 | D:1      | Reached XP level 3. HP: 19/22 MP: 3/3
   620 | D:1      | Reached skill level 1 in Armour
  1083 | D:2      | Killed from afar by a dart slug

Illustrated notes

Levels and vault maps discovered:
D:1:      dpeg_arrival_oval, layout_loops_ring, basic_ecumenical_altar,
          serial_shops, nicolae_shop_crystal
D:2:      layout_loops_cross, guppyfry_early_lair_pool, uniq_crazy_yiuf_cottage

Skill      XL: |  1  2  3 |
---------------+----------+-----
Long Blades    | 3 |  3.1
Armour         | 1 |  1.2
Throwing       | 2 |  2.0
Fighting       | |  2.5
Dodging        | |  2.8

Action                   || total
-------------------------++-------
Melee: Long sword        ||    71
Throw: Stone             ||    39
Armor: Leather armour    ||    36
Dodge: Dodged            ||    65
       Rpst.: Long sword ||    18
